 Dungeon Crawl Stone Soup version 0.21-a0-92-g7bf63f6 (webtiles) character file.

354 MatthieuS the Firebug (level 6, -6/41 HPs)
             Began as a Human Fire Elementalist on July 1, 2017.
             Was a Follower of Sif Muna.
             Mangled by Sigmund
             ... wielding a +0 scythe
              (7 damage)
             ... on level 4 of the Dungeon.
             The game lasted 00:13:29 (3739 turns).

MatthieuS the Firebug (Human Fire Elementalist)     Turns: 3739, Time: 00:13:29

Health: -6/41      AC:  6    Str:  8    XL:     6   Next: 94%
Magic:  4/12       EV: 12    Int: 17    God:    Sif Muna [*.....]
Gold:   84         SH:  0    Dex: 14    Spells: 5/13 levels left

rFire    . . .     SeeInvis .   a - +2 dagger (drain)
rCold    . . .     Gourm    .   (no shield)
rNeg     . . .     Faith    .   g - +0 leather armour
rPois    +         Spirit   .   C - +0 helmet
rElec    .         Reflect  .   (no cloak)
rCorr    .         Harm     .   d - +1 pair of gloves
MR       .....                  (no boots)
Stlth    +.........             (no amulet)
HPRegen  0.13/turn              y - ring of poison resistance
MPRegen  0.13/turn              (no ring)

@: confused, invisible
A: no striking features
a: Divine Energy, Renounce Religion


You were on level 4 of the Dungeon.
You worshipped Sif Muna.
Sif Muna was aware of your devotion.
You were hungry.

You visited 1 branch of the dungeon, and saw 4 of its levels.

You collected 84 gold pieces.

Inventory:

Hand Weapons
 a - a +2 dagger of draining (weapon)
 i - a +0 dagger
 k - a +0 spear
 w - a +0 hunting sling
Missiles
 t - 8 curare-tipped needles
 B - 12 sling bullets
Armour
 d - a +1 pair of gloves (worn)
 g - a +0 leather armour (worn)
 o - a +0 robe
 C - a +0 helmet (worn)
Jewellery
 y - a ring of poison resistance (left hand)
Scrolls
 f - 2 scrolls of remove curse
 h - 2 scrolls of identify {unknown}
 n - 2 scrolls of teleportation
 r - a scroll of blinking
 s - 2 scrolls of magic mapping {unknown}
 u - 2 scrolls of recharging
 x - a scroll of random uselessness {unknown}
 D - a scroll of noise {unknown}
Potions
 m - a potion of might
 p - a potion of ambrosia {unknown}
 q - 2 potions of haste {unknown}
 v - 2 potions of brilliance {unknown}
 A - a potion of flight {unknown}
 E - a potion of curing {unknown}
Books
 b - a book of Flames

   Spells                             Type                      Level
   a - Flame Tongue                   Conjuration/Fire             1
   b - Throw Flame                    Conjuration/Fire             2
   c - Conjure Flame                  Conjuration/Fire             3
   d - Inner Flame                    Hexes/Fire                   3
   e - Sticky Flame                   Conjuration/Fire             4
   f - Fireball                       Conjuration/Fire             5
Comestibles
 c - 5 bread rations
 j - 2 meat rations
 l - 3 royal jellies
 F - 2 fruits


   Skills:
 - Level 2.0 Dodging
 - Level 2.0 Stealth
 * Level 4.1 Spellcasting
 * Level 3.6 Conjurations
 * Level 4.6 Fire Magic


You had 5 spell levels left.
You knew the following spells:

 Your Spells              Type           Power        Failure   Level  Hunger
a - Flame Tongue          Conj/Fire      ###..        4%          1    None
b - Conjure Flame         Conj/Fire      ###.....     12%         3    ###....
c - Sticky Flame          Conj/Fire      ###.....     38%         4    ####...


Dungeon Overview and Level Annotations

Branches:
Dungeon (4/15)
 Temple: D:4-7

Altars:
Dithmenos
Hepliaklqana
Kikubaaqudgha
Makhleb
Nemelex Xobeh
Qazlal
Sif Muna
Wu Jian
Xom
Zin

Annotations:
D:4 Sigmund


Message History

Confirm with . or Enter, or press ? or * to list all spells.
Aiming: Sticky Flame
Press: ? - help, Shift-Dir - straight line
Casting: Sticky Flame
Confirm with . or Enter, or press ? or * to list all spells.
Aiming: Conjure Flame
Press: ? - help, Dir - move target cursor The fire ignites!
You are confused.
Wield which item (- for none, * to show all)? (? for menu, Esc to quit)
You sense an unholy aura.
a - a +2 dagger of draining (weapon)
You're too confused to cast spells.
You're too confused!
You are engulfed in blazing flames.
Something hits you.
You're too confused to move!
You are engulfed in blazing flames.
* * * LOW HITPOINT WARNING * * *
You fade into invisibility!
Something hits you!
You die...

##)# ### #.## ...
#..## #### ##..##
.... ##..### ####
##...####..#
##.......#
##.###### #@# #.#
#.# #.#
################.#
.................#
##################


There were no monsters in sight!

Vanquished Creatures
  A phantom (D:4)
  An ogre (D:4)
  Robin (D:3)
  4 gnolls (D:3)
  2 adders
  An ooze (D:1)
  A worm (D:3)
  A dart slug (D:1)
  3 leopard geckos
  6 orcs (D:3)
  3 giant cockroaches
  22 goblins
  17 hobgoblins
  7 jackals
  A quokka (D:3)
  A ball python (D:2)
  9 bats
  4 frilled lizards
  3 kobolds (D:1)
  8 rats
96 creatures vanquished.

Notes
Turn   | Place    | Note
-------+----------+-------------------------------------------
     0 | D:1      | MatthieuS the Human Fire Elementalist began the quest for the Orb.
     0 | D:1      | Reached XP level 1. HP: 13/13 MP: 3/3
   160 | D:1      | Reached XP level 2. HP: 19/19 MP: 0/5
   636 | D:1      | Reached XP level 3. HP: 20/24 MP: 3/6
  1460 | D:2      | Reached XP level 4. HP: 30/30 MP: 4/8
  1522 | D:2      | Found a deep blue altar of Sif Muna.
  1547 | D:2      | Became a worshipper of Sif Muna the Loreminder
  1618 | D:2      | Found a burning altar of Makhleb.
  1990 | D:2      | Found an ornate altar of the Wu Jian Council.
  2100 | D:2      | Found a shimmering altar of Xom.
  2317 | D:3      | Found a hazy altar of Hepliaklqana.
  2414 | D:3      | Learned a level 3 spell: Conjure Flame
  2419 | D:3      | Learned a level 4 spell: Sticky Flame
  2451 | D:3      | Noticed a fire elemental
  2455 | D:3      | Found a stormy altar of Qazlal.
  2456 | D:3      | Noticed a water elemental
  2456 | D:3      | Noticed an air elemental
  2456 | D:3      | Noticed an earth elemental
  2544 | D:3      | Found a glowing silver altar of Zin.
  2659 | D:3      | Reached XP level 5. HP: 35/35 MP: 3/9
  2856 | D:3      | Found a sparkling altar of Nemelex Xobeh.
  2878 | D:3      | Found an ancient bone altar of Kikubaaqudgha.
  2888 | D:3      | Found a shadowy altar of Dithmenos.
  3205 | D:3      | Noticed Robin
  3256 | D:3      | Killed Robin
  3298 | D:3      | Reached * piety under Sif Muna
  3421 | D:3      | Reached XP level 6. HP: 38/41 MP: 11/11
  3476 | D:4      | Noticed a phantom
  3521 | D:4      | Killed a phantom
  3710 | D:4      | Noticed an ogre
  3711 | D:4      | Noticed Sigmund
  3725 | D:4      | Killed an ogre
  3738 | D:4      | HP: 1/41 [cloud of flame (19)]
  3739 | D:4      | Mangled by Sigmund

Vault maps used:
D:1:      dpeg_arrival_long_road
D:2:      lemuel_coloured_pillars_altar, marbit_many_paths, lemuel_doored_altar,
          nicolae_overflow_crystal_walls
D:3:      kennysheep_goblin_castle, lemuel_round_altar, minitemple,
          nicolae_qazlal_style_of_elements, overflow_temple_1_default,
          first_bread, lemuel_tele_altar
D:4:      gammafunk_temple_overflow_claw, hangedman_ru_absence, uniq_sigmund

Skill      XL: |  1  2  3  4  5  6 |
---------------+-------------------+-----
Conjurations   | 2 3 |  3.6
Spellcasting   | 3 4 |  4.1
Fire Magic     | 4 |  4.6
Dodging        | |  2.0
Stealth        | |  2.0

Action                   |  1- 3 |  4- 6 || total
-------------------------+-------+-------++-------
Melee: Unarmed           |     2 |       ||     2
       Dagger            |    11 |    22 ||    33
       Spear             |    17 |    63 ||    80
 Fire: Hunting sling     |       |    21 ||    21
 Cast: Flame Tongue      |    45 |    94 ||   139
       Conjure Flame     |       |     3 ||     3
       Sticky Flame      |       |     1 ||     1
  Use: Scroll            |       |     7 ||     7
       Potion            |       |     5 ||     5
  Eat: Chunk             |     2 |     7 ||     9
Armor: Leather armour    |    18 |    43 ||    61
       Skin              |       |     1 ||     1
Dodge: Dodged            |    28 |    89 ||   117
